 Dungeon Crawl Stone Soup version 0.29-a0-43-g62a80824bf (webtiles) character file.

Game seed: 18225061473418819816

154 Hubjo the Cutter (level 5, 0/39 HPs)
             Began as a Vampire Warper on Feb 2, 2022.
             Succumbed to an adder's poison
             ... on level 4 of the Dungeon.
             The game lasted 00:04:24 (592 turns).

Hubjo the Cutter (Vampire Warper)                    Turns: 592, Time: 00:04:24

Health: 0/39       AC:  3    Str: 10    XL:     5   Next: 13%
Magic:  8/8        EV: 12    Int: 17    God:
Gold:   14         SH:  0    Dex: 14    Spells: 7/9 levels left

rFire   . . .      SeeInvis +   a - +0 short sword
rCold   + . .      Faith    .   (no shield)
rNeg    . . .      Spirit   .   b - +0 leather armour
rPois   .          Reflect  .   (no helmet)
rElec   .          Harm     .   (no cloak)
rCorr   .          Rampage  .   (no gloves)
Will    .....                   (no boots)
Stlth   +.........              (no amulet)
HPRegen 0.33/turn               g - ring of protection from cold
MPRegen 0.11/turn               (no ring)

@: lethally poisoned (0 -> -2), attractive, healing quickly
A: alive, fangs 3, see invisible, vampiric 2
a: Exsanguinate


You were on level 4 of the Dungeon.
You visited 1 branch of the dungeon, and saw 4 of its levels.

You collected 14 gold pieces.

Inventory:

Hand Weapons
 a - a +0 short sword (weapon)
Missiles
 d - 5 boomerangs of dispersal
Armour
 b - a +0 leather armour (worn)
Jewellery
 g - a ring of protection from cold (left hand)
Wands
 e - a wand of iceblast (7) (quivered)
Scrolls
 c - 2 scrolls of blinking
 h - a scroll of identify {unknown}


   Skills:
 + Level 2.3 Fighting
 + Level 3.8 Short Blades
 + Level 0.7 Throwing
 + Level 1.3 Armour
 + Level 3.2 Dodging
 + Level 0.4 Stealth
 + Level 2.6 Spellcasting
 + Level 2.7 Translocations


You had 7 spell levels left.
You knew the following spells:

 Your Spells              Type           Power      Damage    Failure   Level
a - Blink                 Tloc           22%        N/A       12%         2

Your spell library contained the following spells:

 Spells                   Type           Power      Damage    Failure   Level
 Apportation              Tloc           22%        N/A       8%          1
 Gell's Gravitas          Tloc           11%        N/A       24%         3
 Lesser Beckoning         Tloc           11%        N/A       24%         3
 Teleport Other           Tloc           11%        N/A       24%         3
 Manifold Assault         Tloc           11%        N/A       91%         5
 Alistair's Intoxication  Tmut/Pois      1%         N/A       100%        5


Dungeon Overview and Level Annotations

Branches:
Dungeon (4/15)
 Temple: D:4-7

Altars:
Dithmenos
Ru


Innate Abilities, Weirdness & Mutations

Your natural rate of healing is accelerated.
You have razor-sharp teeth.
You have supernaturally acute eyesight. (SInv)
You are afflicted with vampirism and can become a bat while bloodless.


Message History

Ouch! That really hurt!
* * * LOW HITPOINT WARNING * * *
You hit the ogre.
You kill the ogre!
The adder barely misses you. The kobold barely misses you.
Your Dodging skill increases to level 3!
You have reached level 5!
You feel agile.
Aiming: Iceblast
Press: ? - help, Q - select action, (/) - cycle Shift-Dir - straight line The mass of ice explodes!
The iceblast engulfs the kobold.
You kill the kobold!
The iceblast engulfs the adder.
The adder is heavily wounded.
The adder barely misses you.
An endoplasm comes into view.
The kobold hits you but does no damage. The adder misses you.
You closely miss the kobold. You bite the kobold, but do no damage.
The adder closely misses you. The kobold misses you.
You hit the kobold but do no damage. Your punch misses the kobold.
The adder barely misses you. The kobold completely misses you.
You hit the kobold.
You kill the kobold!
The adder closely misses you. The adder bites you.
* * * LOW HITPOINT WARNING * * *
You are poisoned.
The adder poisons you! The adder closely misses you.
Things that are here:
a +0 dagger of electrocution; a +0 scale mail; 18 gold pieces You feel sick.
The adder bites you.
* * * LOW HITPOINT WARNING * * *
As you read the scroll labelled LOMOH TYTHA, it crumbles to dust.
You speak a Word of immense power!
You are blasted by holy energy!
* * * LOW HITPOINT WARNING * * *
It was a scroll of holy word.
You feel sick. The adder bites you.
* * * LOW HITPOINT WARNING * * *
It was a potion of attraction.
You feel attractive to monsters.
You die...

#.# ### #.#.....# ...
..# #.......# ###.####.#
##......# #
......#.####.......
#.##.##.#.##........#
##.#.#...#.#.##.#.##.#.#
.....)J_..).....#.......
.#.#.#S).#.#.#..###.....
##@##.#.#........##
#.......#.######..###
####.####.# ###..## ...
..# #...... #.# ###
#.##... ... .......# ...
...##....# #.#
.......##.. ####### ###


You could see an adder and an endoplasm.

Vanquished Creatures
  An ogre (D:4)
  A hound (D:4)
  A howler monkey zombie (D:4)
  A gnoll (D:3)
  A dart slug (D:1)
  A bat (D:3)
  3 goblins (D:4)
  A hobgoblin (D:2)
  6 kobolds
  A ball python (D:1)
  A frilled lizard (D:2)
  2 rats (D:1)
20 creatures vanquished.

Notes
Turn   | Place    | Note
-------+----------+-------------------------------------------
     0 | D:1      | Hubjo the Vampire Warper began the quest for the Orb.
     0 | D:1      | Reached XP level 1. HP: 16/16 MP: 3/3
   199 | D:1      | Reached XP level 2. HP: 20/22 MP: 5/5
   209 | D:1      | Learned a level 2 spell: Blink
   418 | D:4      | Reached skill level 1 in Armour
   418 | D:4      | Gained mutation: You are afflicted with vampirism and can
                  | become a bat while bloodless. [Vampire growth]
   418 | D:4      | Reached XP level 3. HP: 4/27 MP: 6/6
   504 | D:4      | Found a shadowy altar of Dithmenos.
   568 | D:4      | Found a sacrificial altar of Ru.
   574 | D:4      | Reached XP level 4. HP: 33/33 MP: 7/7
   575 | D:4      | Noticed an ogre
   584 | D:4      | Killed an ogre
   585 | D:4      | Reached XP level 5. HP: 12/39 MP: 8/8
   591 | D:4      | HP: 1/39 [adder (4)]
   592 | D:4      | Succumbed to an adder's poison

Illustrated notes

Levels and vault maps discovered:
D:1:      beargit_arrival_greenhouse, layout_loops_ring, corexii_corridor_pit,
          st_stairs_13, dk_noncrumbling_2
D:2:      layout_loops_ring
D:3:      layout_rooms, mainiacjoe_overflow_six_doors_small,
          shapermc_ecumenical_altar_mp_ritualfount, uniq_ijyb, uniq_terence
D:4:      layout_rooms, nicolae_dithmenos_shadow_blocks,
          nicolae_ru_sacrificial_ziggurat, grunt_gozag_breadcrumbs,
          cheibrodos_sewer_entry_bend

Skill      XL: |  1  2  3  4 |
---------------+-------------+-----
Fighting       | 2 |  2.3
Short Blades   | 3 |  3.8
Armour         | 1 |  1.3
Dodging        | 3 |  3.2
Throwing       | |  0.7
Stealth        | |  0.4
Spellcasting   | |  2.6
Translocations | |  2.7

Action                   |  1- 3 |  4- 6 || total
-------------------------+-------+-------++-------
Melee: Short sword       |    66 |     9 ||    75
       Bite              |     4 |     3 ||     7
 Cast: Blink             |     1 |       ||     1
Evoke: Wand              |     1 |     2 ||     3
  Use: Scroll            |       |     1 ||     1
       Potion            |       |     1 ||     1
Armor: Leather armour    |    17 |     2 ||    19
Dodge: Dodged            |    37 |    13 ||    50

Table legend: (Time is in decaauts)
 A = Elapsed time spent in this place.
 B = Non-inter-level travel time spent in this place.
 C = Inter-level travel time spent in this place.
 D = Time resting spent in this place.
 E = Time spent auto-exploring this place.
 F = Levels seen in this place.
 G = Mean time per level.
                   A        B        C        D        E       F      G
               +--------+--------+--------+--------+--------+-----+--------+
         Total |    589 |    491 |     98 |      0 |    304 |   4 |  147.2 |
       Dungeon |    589 |    491 |     98 |      0 |    304 |   4 |  147.2 |
               +--------+--------+--------+--------+--------+-----+--------+

Top non-repeatable levels by time:
     D:1: 216 daAuts
     D:4: 191 daAuts
     D:2: 110 daAuts
     D:3: 70 daAuts
